[Event "Early-Titled-Tuesday-Blitz-February-13-2024"]
[Site "Chess.com"]
[Date "2024.02.13"]
[Round "11"]
[White "KhazhatulyAlikhan"]
[Black "Caroexpert"]
[Result "0-1"]
[WhiteElo "2422"]
[BlackElo "2551"]
[TimeControl "180+1"]
[EndTime "10:09:24 PST"]
[Termination "Caroexpert won on time"]

1. e4 c6 2. d4 d5 3. Nd2 dxe4 4.
Nxe4 Nf6 5. Nxf6+ exf6 6. Nf3 Na6 7. Bxa6 Qa5+ 8. c3 Qxa6 9. Qe2+ Qxe2+ 10. Kxe2 Bd6 11.
Be3 Be6 12. Kd2 O-O 13. Rhe1 Bd5 14. Kd3 f5 15. c4 Be4+ 16. Kc3 a5 17. a3 b5 18. c5 Bc7 19. b4 Bd5 20. h3 f6 21.
Bd2 Kf7 22. Nh4 g6 23. Nf3 g5 24. Kb2 f4 25. Re2 h6 26. Rae1 Bd8 27. bxa5 Kg6 28. Bb4 Bxa5 29. Bxa5 Rxa5 30. Re7 Rfa8 31. Ra1 b4 32. a4 Rxa4 33. Rxa4 Rxa4 34. Nd2 Ra2+ 35. Kc1 Ra1+ 36. Kb2 Rg1 37. f3 Rxg2 38. Kc1 b3 39. Rb7 Rg3 40. Nxb3 Rxf3 41. Na5 Rxh3 42. Rc7 f3 43. Kd2 Rh2+ 44. Ke1 f2+ 45. Kf1 Be4 0-1

[Event "Early-Titled-Tuesday-Blitz-February-13-2024"]
[Site "Chess.com"]
[Date "2024.02.13"]
[Round "11"]
[White "fabianvivasz"]
[Black "SouS007"]
[Result "0-1"]
[WhiteElo "2365"]
[BlackElo "2499"]
[TimeControl "180+1"]
[EndTime "10:09:28 PST"]
[Termination "SouS007 won by checkmate"]

1. e4 e6 2. d4 d5 3. Nd2 dxe4 4. Nxe4 Bd7 5. Nf3 Bc6 6. Neg5 Nd7 7. Nxf7 Kxf7 8.
Ng5+ Ke8 9. Bc4 Bd5 10. Bxd5 exd5 11. O-O Qf6 12. Re1+ Be7 13. Ne6 Rc8 14. Bg5 Qf7 15.
Qg4 h5 16. Qg3 h4 17. Qb3 Nb6 18. a4 a5 19. Qb5+ Nd7 20. Qxb7 Rb8 21. Nxc7+ Kf8 22. Qc6 Ngf6 23. Bxf6 Nxf6 24. Re5 Ng4 25. Re2 Rh6 26. Qd7 Bd6 27. Ne6+ Kg8 28. Qxd6 Re8 29. Rae1 Rhxe6 30. Rxe6 Qxf2+ 31. Kh1 Qxe1+ 32. Rxe1 Rxe1# 0-1

[Event "Early-Titled-Tuesday-Blitz-February-13-2024"]
[Site "Chess.com"]
[Date "2024.02.13"]
[Round "11"]
[White "colegiodemadrid"]
[Black "Brahianzevich"]
[Result "0-1"]
[WhiteElo "2555"]
[BlackElo "2485"]
[TimeControl "180+1"]
[EndTime "10:09:29 PST"]
[Termination "Brahianzevich won by checkmate"]

1. Nf3 d5 2. d4 e6 3. c4 Nf6 4.
Nc3 Bb4 5. Qa4+ Nc6 6. Qc2 O-O 7. Bg5 h6 8. Bxf6 Qxf6 9. e3 a6 10. a3 Bxc3+ 11. Qxc3 Re8 12. Be2 dxc4 13. Bxc4 e5 14. d5 Nd4 15. Nd2 Qg6 16. O-O-O Nb5 17. Bxb5 axb5 18.
g3 Bd7 19. Qc2 Qb6 20. Ne4 Bf5 21. f3 b4 22. a4 Qxe3+ 23. Qd2 Qxf3 24. Nc5 b6 25.
Rhf1 Qh5 26. Nb3 Rxa4 27. Qe3 Bh7 28. Kd2 Ra2 29. Kc1 Qg6 30. Kd2 Rxb2+ 31. Ke1 Qg4 32. h3 Qc4 33. Nd2 Qc3 34. Qf2 b3 35. Qxf7+ Kh8 36.
Qxe8+ Bg8 37. Rf3 Qd4 38. Qg6 Qg1+ 39. Rf1 Qe3# 0-1

[Event "Early-Titled-Tuesday-Blitz-February-13-2024"]
[Site "Chess.com"]
[Date "2024.02.13"]
[Round "11"]
[White "Quattroporte300"]
[Black "mertfelin"]
[Result "0-1"]
[WhiteElo "2410"]
[BlackElo "2332"]
[TimeControl "180+1"]
[EndTime "10:09:29 PST"]
[Termination "mertfelin won by resignation"]

1. e4 e5 2. Nf3 Nc6 3. d4 exd4 4. Nxd4 Nf6 5. Nxc6 bxc6 6. e5 Qe7 7. Qe2 Nd5 8.
c4 Ba6 9. b3 g6 10. g3 Bg7 11.
Bb2 O-O 12. Bg2 Rae8 13. O-O Bxe5 14. Bxe5 Qxe5 15. Qxe5 Rxe5 16. cxd5 Bxf1 17. Kxf1 cxd5 18. Nc3 c6 19. Rd1 Rb8 20. Rd4 Rbe8 21. Bf3 Re1+ 22. Kg2 Rc1 23. Rd3 Kf8 24. h4 h5 25. a3 a5 26. Ne2 Ra1 27. a4 Ra2 28. Nd4 Re1 29.
g4 hxg4 30. Bxg4 Ke7 31. h5 gxh5 32. Bxh5 Re5 33. Bg4 Rb2 34. Kf3 Kd6 35. Rc3 Re1 36. Nf5+ Kc7 37. Nd4 Rf1 38. Kg3 Rfxf2 39. Bf3 Rfd2 40.
Nb5+ Kb6 41. Nd6 f6 42. Kf4 Rd4+ 43. Ke3 Rb4 44. Ne8 d4+ 0-1

[Event "Early-Titled-Tuesday-Blitz-February-13-2024"]
[Site "Chess.com"]
[Date "2024.02.13"]
[Round "11"]
[White "noblerone"]
[Black "FMStan15"]
[Result "1-0"]
[WhiteElo "2455"]
[BlackElo "2045"]
[TimeControl "180+1"]
[EndTime "10:09:29 PST"]
[Termination "noblerone won by resignation"]

1. d4 Nf6 2. Nf3 g6 3. Bg5 Bg7 4. Nbd2 h6 5. Bh4 d5 6. e3 O-O 7. Bd3 Nbd7 8. O-O Re8 9. c3 e5 10. dxe5 Nxe5 11. Nxe5 Rxe5 12. Qc2 c6 13. Rae1 Bd7 14.
e4 dxe4 15. Nxe4 g5 16. Bg3 Re8 17. Nd6 Rxe1 18. Rxe1 b6 19. Bc4 Be8 20. Nf5 b5 21. Bb3 Nd5 22. Nxg7 Kxg7 23. Be5+ f6 24. Bd4 Bf7 25.
Qe4 Qe8 26. Qb1 Qd7 27. Bc2 Re8 28. Rxe8 Bxe8 29. g3 Bh5 30. Qe1 a5 31. Qe4 Qf7 32.
Qh7+ Kf8 33. Qxh6+ Ke7 34. Bc5+ Ke6 35. Qh8 Qd7 36.
Qxh5 Nc7 37. Qg4+ f5 38. Bxf5+ 1-0

[Event "Early-Titled-Tuesday-Blitz-February-13-2024"]
[Site "Chess.com"]
[Date "2024.02.13"]
[Round "11"]
[White "margarita_2703"]
[Black "Cambek64"]
[Result "0-1"]
[WhiteElo "2355"]
[BlackElo "2508"]
[TimeControl "180+1"]
[EndTime "10:09:30 PST"]
[Termination "Cambek64 won by checkmate"]

1. e4 e6 2. d4 d5 3. e5 c5 4.
c3 Nc6 5. Nf3 Bd7 6. Be2 Nge7 7.
O-O cxd4 8. cxd4 Nf5 9. Na3 Qb6 10. Nc2 h5 11. b3 Be7 12. Bb2 g5 13. Ne3 g4 14.
Nxf5 gxf3 15. Ng7+ Kf8 16. Nxe6+ Bxe6 17. Bxf3 h4 18. Rc1 Bg5 19. Rc5 Nxe5 20. Bxd5 Be7 21. Bxe6 Bxc5 22. dxc5 Qxe6 23. Re1 Rg8 24. Bxe5 Qg6 25.
Qd5 Re8 26. g3 h3 27. f4 f6 28. Bd6+ Kg7 29. Rxe8 Rxe8 30. Qxb7+ Kh6 31. Kf2 Qc2+ 32.
Kf3 Qe2# 0-1

[Event "Early-Titled-Tuesday-Blitz-February-13-2024"]
[Site "Chess.com"]
[Date "2024.02.13"]
[Round "11"]
[White "Matols"]
[Black "Alblooshi_Hamad"]
[Result "1/2-1/2"]
[WhiteElo "2378"]
[BlackElo "2248"]
[TimeControl "180+1"]
[EndTime "10:09:31 PST"]
[Termination "Game drawn by repetition"]

1. d4 Nf6 2. c4 e6 3. g3 c5 4. d5 exd5 5. cxd5 d6 6. Nc3 g6 7. Bg2 Bg7 8. Nf3 O-O 9. O-O a6 10.
a4 Nbd7 11. h3 Rb8 12. a5 Re8 13. Bf4 Nf8 14. Re1 h6 15. e4 g5 16. Bd2 Ng6 17.
Qc2 Nd7 18. Bf1 Nde5 19. Nh2 Qf6 20. Na4 g4 21. h4 h5 22. Nb6 Bd7 23. Nxd7 Nxd7 24.
Bc3 Nde5 25. Be2 Qe7 26. Kg2 Rf8 27. Nf1 Qd7 28. Ne3 Nf3 29. Bxf3 gxf3+ 30. Kxf3 Qh3 31. Bxg7 Kxg7 32. Nf5+ Kh7 33. Qd2 Ne5+ 34. Ke2 Qg4+ 35. Kf1 Qh3+ 36. Ke2 Qg4+ 37. Kf1 Qh3+ 38. Ke2 1/2-1/2

[Event "Early-Titled-Tuesday-Blitz-February-13-2024"]
[Site "Chess.com"]
[Date "2024.02.13"]
[Round "11"]
[White "twofoxniel"]
[Black "SirGerhard"]
[Result "0-1"]
[WhiteElo "2626"]
[BlackElo "2799"]
[TimeControl "180+1"]
[EndTime "10:09:32 PST"]
[Termination "SirGerhard won by resignation"]

1. e4 c5 2. c3 d6 3. d4 Nf6 4. Nd2 g6 5. Ngf3 Bg7 6. Bd3 O-O 7. O-O cxd4 8. cxd4 Nc6 9. h3 e5 10. dxe5 dxe5 11.
Bc4 a6 12. Re1 b5 13. Bb3 Bb7 14. Qe2 Nd4 15. Nxd4 Qxd4 16. Kh2 Rac8 17. f3 Rfd8 18. Nf1 Nh5 19. Be3 Qd6 20. g3 Qe7 21. h4 Bf6 22.
Red1 Kg7 23. Rxd8 Rxd8 24. Rd1 Rxd1 25. Qxd1 Bc8 26. Qc2 Be6 27. Bc5 Qd7 28. Bxe6 Qxe6 29. b3 Bd8 30. Ne3 Bxh4 31. gxh4 Nf4 32. Ng4 h5 33.
Kg3 hxg4 34. fxg4 Qd7 35. Be3 Ne6 36. Qc3 Nd4 37. a4 Ne2+ 0-1

[Event "Early-Titled-Tuesday-Blitz-February-13-2024"]
[Site "Chess.com"]
[Date "2024.02.13"]
[Round "11"]
[White "InadaC"]
[Black "Hui_Li_Macau"]
[Result "1-0"]
[WhiteElo "2240"]
[BlackElo "2345"]
[TimeControl "180+1"]
[EndTime "10:09:33 PST"]
[Termination "InadaC won by checkmate"]

1. Nf3 d5 2. g3 Bg4 3. Bg2 Nd7 4. b3 c6 5. Bb2 Ngf6 6. O-O e6 7. d3 Be7 8. Nbd2 O-O 9. c4 a5 10. Qc2 a4 11.
Rfb1 Qa5 12. Re1 Bb4 13. Red1 Qa7 14. Bd4 Bc5 15. Bxc5 Qxc5 16. d4 Qa3 17. h3 Bf5 18. Qc3 Ne4 19. Nxe4 Bxe4 20. e3 h6 21. Nd2 Bxg2 22.
Kxg2 Qe7 23. Nf3 Ra6 24. Rab1 axb3 25. axb3 Rfa8 26. cxd5 exd5 27. Ra1 Rxa1 28. Rxa1 Rxa1 29. Qxa1 Qb4 30. Qa8+ Kh7 31. Qd8 Nf6 32. Ne5 Qxb3 33.
Nxf7 Qb1 34. Qh8+ Kg6 35. Ne5+ Kf5 36. Qxg7 Qe4+ 37. Kh2 Qc2 38. Kg2 Qe4+ 39. Nf3 Qc2 40. g4+ Ke6 41. Qxh6 Ke7 42. g5 Ne4 43. Qh4 Kf8 44. g6 Kg7 45. Qh7+ Kf6 46. Qf7# 1-0

[Event "Early-Titled-Tuesday-Blitz-February-13-2024"]
[Site "Chess.com"]
[Date "2024.02.13"]
[Round "11"]
[White "monkins"]
[Black "Klavdia_Nik"]
[Result "1-0"]
[WhiteElo "2370"]
[BlackElo "2110"]
[TimeControl "180+1"]
[EndTime "10:09:33 PST"]
[Termination "monkins won on time"]

1. Nf3 Nf6 2. c4 b6 3. g3 Bb7 4. Bg2 g6 5. Nc3 Bg7 6. O-O O-O 7. Rb1 c5 8. d4 d6 9. d5 Nbd7 10. h3 a6 11. a4 Ne8 12. Bf4 Nc7 13. e4 b5 14.
axb5 axb5 15. Nxb5 Nxb5 16. cxb5 Qb6 17. Re1 Nf6 18.
Qb3 Ra5 19. Bf1 Rfa8 20. Nd2 Ra4 21. Nc4 Qd8 22. Na3 Nxe4 23. Bg2 Nf6 24. Rbd1 Rb4 25. Qc2 Nh5 26. Bc1 Bf6 27. g4 Ng7 28. Re2 1-0

[Event "Early-Titled-Tuesday-Blitz-February-13-2024"]
[Site "Chess.com"]
[Date "2024.02.13"]
[Round "11"]
[White "Nikolakis2014"]
[Black "kpio91"]
[Result "1-0"]
[WhiteElo "2739"]
[BlackElo "2890"]
[TimeControl "180+1"]
[EndTime "10:09:34 PST"]
[Termination "Nikolakis2014 won by checkmate"]

1. d4 e6 2. Nf3 Nf6 3. e3 b6 4. Bd3 Bb7 5. O-O c5 6. c4 Bxf3 7. Qxf3 Nc6 8. Nc3 cxd4 9. exd4 Nxd4 10. Qg3 h5 11. Be3 h4 12. Qh3 Nc6 13. Rfe1 Bc5 14. Rad1 a6 15. Bg5 Qc7 16. Nd5 Qd8 17. Bg6 Kf8 18.
Nf4 Qe8 19. Bxf6 gxf6 20. Be4 Rc8 21. Qc3 Rh6 22. a3 Qe7 23. Qd2 f5 24. Nd5 Bxf2+ 25. Kh1 exd5 26. Qxh6+ Kg8 27. Bxf5 Qxe1+ 28. Rxe1 Bxe1 29.
Bh7+ Kh8 30. Bg6+ Kg8 31. Qh7+ Kf8 32. Qxf7# 1-0

[Event "Early-Titled-Tuesday-Blitz-February-13-2024"]
[Site "Chess.com"]
[Date "2024.02.13"]
[Round "11"]
[White "Tolyanius"]
[Black "LuisFSiles"]
[Result "1-0"]
[WhiteElo "2520"]
[BlackElo "2289"]
[TimeControl "180+1"]
[EndTime "10:09:34 PST"]
[Termination "Tolyanius won by checkmate"]

1. e4 c5 2. b4 cxb4 3. d4 d5 4. exd5 Nf6 5. a3 Nxd5 6. axb4 e5 7. c3 exd4 8. Qxd4 Nc6 9. Qe4+ Be6 10. Nf3 Be7 11.
b5 Na5 12. Nd4 O-O 13. Nxe6 fxe6 14. Bd3 Nf6 15. Qxe6+ Kh8 16. Bc2 Bc5 17. O-O Qc7 18. Bg5 Rae8 19. Qh3 Ne4 20. Bxe4 Rxe4 21. Nd2 Re2 22. Nf3 Nc4 23. Rae1 Rxe1 24. Rxe1 Nb2 25.
Be3 Bd6 26. Ng5 h6 27. Bd4 Kg8 28. Qe6+ Kh8 29. Qxh6+ Kg8 30. Qh7# 1-0

[Event "Early-Titled-Tuesday-Blitz-February-13-2024"]
[Site "Chess.com"]
[Date "2024.02.13"]
[Round "11"]
[White "KetiTsatsalashvili"]
[Black "sergeikim"]
[Result "0-1"]
[WhiteElo "2456"]
[BlackElo "2602"]
[TimeControl "180+1"]
[EndTime "10:09:34 PST"]
[Termination "sergeikim won on time"]

1. d4 Nf6 2. Nf3 g6 3. e3 Bg7 4. Bd3 d6 5. h3 O-O 6. O-O Nbd7 7. c4 e5 8. Nc3 Re8 9. Nd2 c6 10. Bc2 Qe7 11. d5 c5 12. e4 Nh5 13. Nf3 h6 14.
Ne2 Rf8 15. Nh2 Ndf6 16. Be3 Nh7 17. Ng4 Ng5 18. Re1 f5 19. exf5 gxf5 20. Nh2 f4 21. Bd2 f3 22. Nc3 Nf4 23. h4 Ngh3+ 24. gxh3 Nxh3+ 25. Kf1 Qxh4 26. Be3 Ng5 27. Kg1 Qh3 28. Qxf3 Nxf3+ 29.
Nxf3 Rxf3 30. Be4 Bg4 31. Ne2 Raf8 32. Ng3 Rxg3+ 33. fxg3 Qxg3+ 34. Kh1 Rf5 0-1

[Event "Early-Titled-Tuesday-Blitz-February-13-2024"]
[Site "Chess.com"]
[Date "2024.02.13"]
[Round "11"]
[White "Vigg-Sama"]
[Black "yuriydovzik"]
[Result "1-0"]
[WhiteElo "2232"]
[BlackElo "2101"]
[TimeControl "180+1"]
[EndTime "10:09:34 PST"]
[Termination "Vigg-Sama won on time"]

1. c4 b6 2. d4 e6 3. a3 Bb7 4.
Nc3 Nf6 5. d5 Be7 6. g3 O-O 7.
Bg2 exd5 8. cxd5 d6 9. Nf3 Nbd7 10. Nd4 Re8 11. O-O Bf8 12. Bg5 h6 13. Bf4 g6 14. Qd2 Kh7 15. e4 Ng4 16. h3 Nge5 17. Be3 Nc4 18. Qc1 Nxe3 19. Qxe3 Bg7 20. Rad1 Ne5 21.
Kh2 Ba6 22. Ncb5 Qd7 23. a4 Bb7 24. Rc1 Rec8 25. f4 a6 26. Na3 c5 27. dxc6 Nxc6 28.
Nxc6 Bxc6 29. b3 b5 30. a5 Bb2 31. Ra1 Bxa1 32. Rxa1 Bb7 33. Rd1 Rc7 34. e5 Bxg2 35.
Rxd6 Qf5 36. Kxg2 Rac8 37. g4 1-0

[Event "Early-Titled-Tuesday-Blitz-February-13-2024"]
[Site "Chess.com"]
[Date "2024.02.13"]
[Round "11"]
[White "EsmeraldasAnderson03"]
[Black "sharkarton"]
[Result "1-0"]
[WhiteElo "2421"]
[BlackElo "2511"]
[TimeControl "180+1"]
[EndTime "10:09:37 PST"]
[Termination "EsmeraldasAnderson03 won on time"]

1. d4 Nf6 2. c4 c5 3. d5 e6 4. Nc3 exd5 5. cxd5 d6 6. e4 g6 7. Nf3 Bg7 8. Nd2 O-O 9. Be2 Re8 10. O-O Na6 11.
Qc2 Nc7 12. a4 Nfxd5 13. exd5 Rxe2 14. Nxe2 Nxd5 15. Rd1 Bf5 16. Qb3 Nb4 17. Qf3 Nc2 18. Ra2 h5 19. h3 Nb4 20. Ra3 Nc2 21. Rb3 Nb4 22. Nc4 d5 23. Ne3 Be4 24. Qg3 a5 25. Nc3 c4 26. Rxb4 Bxc3 27. Rxb7 Bf6 28. Qc7 Qe8 29. Qd7 Qf8 30. Nxd5 Be5 31. Qe7 Qg7 32. Bg5 Rf8 33. Bf6 Bxf6 34. Nxf6+ Kh8 35. Nxe4 c3 36. bxc3 Kh7 37. Ng5+ Kg8 38. Ne6 1-0

[Event "Early-Titled-Tuesday-Blitz-February-13-2024"]
[Site "Chess.com"]
[Date "2024.02.13"]
[Round "11"]
[White "jk13"]
[Black "Hikaru"]
[Result "1/2-1/2"]
[WhiteElo "2724"]
[BlackElo "3343"]
[TimeControl "180+1"]
[EndTime "10:09:39 PST"]
[Termination "Game drawn - insufficient material"]

1. e4 g6 2. d4 Bg7 3. Nc3 a6 4. a4 d6 5. h3 Nc6 6. Nf3 e5 7. dxe5 Nxe5 8. Nxe5 Bxe5 9. Be3 Nf6 10. Be2 O-O 11.
Bd4 Re8 12. O-O Nd7 13. f4 Bg7 14. Bf3 Bxd4+ 15. Qxd4 Qf6 16. Qd2 Nb6 17. b3 Be6 18. Rad1 Rad8 19. Rfe1 c6 20. Ne2 d5 21. e5 Qh4 22. Qb4 Nd7 23. Qxb7 g5 24. Qxc6 gxf4 25.
Qc3 Qg5 26. Qd4 Bxh3 27. Qxf4 Qg7 28. Rxd5 Nxe5 29. Rxd8 Rxd8 30. Ng3 Re8 31. Kh1 Re6 32.
Nh5 Nxf3 33. Qb8+ Qf8 34. Qxf8+ Kxf8 35. Rxe6 Bxe6 36. gxf3 Bf5 37. c3 Bc2 38. b4 Bxa4 39. Kg2 Ke7 40. Kf2 Ke6 41. Ke3 Ke5 42. c4 Bb3 43. c5 Bd5 44. Ng3 Bc6 45. f4+ Kd5 46. Ne4 h6 47. Nd6 Ke6 48. f5+ Kf6 49. Kf4 h5 50.
Nc4 h4 51. Kg4 h3 52. Kxh3 Kxf5 53. Kg3 Ke6 54. Kf4 Kd5 55. Nd6 Ke6 56. Ke3 f6 57.
Kd4 Bd7 58. Ke4 Ba4 59. Kd4 f5 60. Nxf5 Kxf5 61. c6 Bxc6 62. Kc3 Ke4 63. Kb2 Kd3 64. Ka1 Kc2 65. Ka2 Kc3 66. Ka3 Ba4 67. Kxa4 Kc4 68. Ka5 Kb3 69. b5 axb5 70. Kxb5 1/2-1/2

[Event "Early-Titled-Tuesday-Blitz-February-13-2024"]
[Site "Chess.com"]
[Date "2024.02.13"]
[Round "11"]
[White "SharapovEvgeny"]
[Black "CSB7"]
[Result "0-1"]
[WhiteElo "2565"]
[BlackElo "2775"]
[TimeControl "180+1"]
[EndTime "10:09:40 PST"]
[Termination "CSB7 won by resignation"]

1. e4 c6 2. d4 d5 3. e5 Bf5 4.
Be3 e6 5. c4 Bxb1 6. Rxb1 Bb4+ 7. Bd2 Qa5 8. a3 Bxd2+ 9. Qxd2 Qxd2+ 10. Kxd2 dxc4 11. Bxc4 Nd7 12. b4 Ne7 13. Ne2 O-O 14. Nc3 Rfd8 15. Kc2 Nb6 16. Bb3 Rxd4 17. Rhd1 Rad8 18.
Ne4 Ng6 19. Nd6 Rxd1 20. Rxd1 Rd7 21. g3 Nxe5 22. f4 Ng4 23. Rd2 Kf8 24. f5 Ne3+ 25. Kb2 Nxf5 26. Ne4 Rxd2+ 27. Nxd2 Ke7 28. Ne4 Nd7 29. Kc3 Nd6 30. Ng5 h6 31. Nf3 Nb5+ 32. Kb2 Nd6 33. a4 e5 34. h4 f5 35. h5 Kf6 36. Kc3 Ne4+ 37. Kc4 Nxg3 38. b5 Nxh5 39. bxc6 bxc6 40. a5 Ke7 41. Ba4 Kd6 42. Nh4 Ng3 43.
Kd3 g5 44. Ng6 Nc5+ 0-1

[Event "Early-Titled-Tuesday-Blitz-February-13-2024"]
[Site "Chess.com"]
[Date "2024.02.13"]
[Round "11"]
[White "Qingdom"]
[Black "ChessFanNM"]
[Result "0-1"]
[WhiteElo "2171"]
[BlackElo "2324"]
[TimeControl "180+1"]
[EndTime "10:09:40 PST"]
[Termination "ChessFanNM won by resignation"]

1. d4 d5 2. c4 e6 3. Nc3 Nf6 4.
cxd5 exd5 5. Bg5 c6 6. e3 Bf5 7. Qb3 Qb6 8. Qxb6 axb6 9. Bxf6 gxf6 10. Nge2 Nd7 11. Ng3 Be6 12. Bd3 b5 13. Kd2 Nb6 14. a3 Nc4+ 15. Bxc4 bxc4 16. e4 h5 17. exd5 cxd5 18.
Rhe1 Kd7 19. Nf1 h4 20. Ne3 Rh5 21. f4 Bh6 22. Rf1 Kd6 23. Rae1 Rg8 24. Rf2 f5 25. Nc2 Rg4 26. Ref1 Bg7 27. Ke3 Rh6 28. Nb4 Rhg6 29. Kf3 Bf6 30. Rd1 Rg8 31. Rdd2 Bd8 32. Rfe2 Ba5 33.
Nc2 Bxc3 34. bxc3 Ra8 35. Ne3 Rxa3 36. Nxg4 fxg4+ 37. Kf2 Rxc3 38. Rb2 Kc6 39. Rec2 Rd3 40. Rd2 Rc3 41. Rdc2 Rxc2+ 42. Rxc2 b5 43. g3 h3 44. Ke3 Bf5 45. Re2 b4 46. Kd2 c3+ 47. Kc1 b3 48.
Rf2 b2+ 49. Rxb2 cxb2+ 50. Kxb2 Kb5 51. Kb3 Be4 52. Kc3 Ka4 0-1

[Event "Early-Titled-Tuesday-Blitz-February-13-2024"]
[Site "Chess.com"]
[Date "2024.02.13"]
[Round "11"]
[White "shimastream"]
[Black "CaspiIsrael"]
[Result "1-0"]
[WhiteElo "3000"]
[BlackElo "2797"]
[TimeControl "180+1"]
[EndTime "10:09:41 PST"]
[Termination "shimastream won by resignation"]

1. e4 e5 2. d4 exd4 3. Qxd4 Nc6 4. Qa4 Nf6 5. Nf3 Bb4+ 6. c3 Bc5 7. b4 Bb6 8. b5 Ne7 9. e5 Nfg8 10. Bc4 d5 11. exd6 Qxd6 12. O-O Be6 13. Ba3 Qd7 14. Rd1 Qc8 15.
Nbd2 c5 16. bxc6 Nxc6 17. Ne4 Bc7 18. Bb5 Ne7 19. Bxe7 Kxe7 20. Qa3+ Ke8 21. Rd6 a6 22. Bxc6+ bxc6 23. Rad1 h6 24. Ne5 Bd5 25. Rd7 Qxd7 26. Nxd7 Bxe4 27. Nc5 Bd5 28. c4 Be6 29. Nxe6 fxe6 30.
Qc5 Rc8 31. Qxc6+ Kf8 32. Qd7 Rd8 33. Qxd8+ Bxd8 34. Rxd8+ 1-0

[Event "Early-Titled-Tuesday-Blitz-February-13-2024"]
[Site "Chess.com"]
[Date "2024.02.13"]
[Round "11"]
[White "DeArron_Fox"]
[Black "GMKrikor"]
[Result "0-1"]
[WhiteElo "2512"]
[BlackElo "2839"]
[TimeControl "180+1"]
[EndTime "10:09:41 PST"]
[Termination "GMKrikor won on time"]

1. d4 Nf6 2. c4 g6 3. Nc3 d5 4. cxd5 Nxd5 5. e4 Nxc3 6. bxc3 Bg7 7. Be3 c5 8. Qd2 Qa5 9. Nf3 O-O 10. Rc1 Bg4 11.
d5 b5 12. Bxc5 Rc8 13. Bd4 Bxf3 14. gxf3 Bxd4 15. Qxd4 Qxa2 16. Bd3 Nd7 17. O-O Nc5 18. Ra1 Qd2 19. Bxb5 Qg5+ 20. Kh1 Nb3 21. Qd3 Nxa1 22.
Rxa1 a5 23. c4 a4 24. Rxa4 Rxa4 25. Bxa4 Qc1+ 26. Kg2 Qxc4 27. Qxc4 Rxc4 28. Bd1 Kg7 29. Be2 Rb4 30. Bd3 g5 31. Kg3 h6 32. Ba6 Rb3 33. Bc8 Kf6 34. Bf5 Ke5 35. Kg4 Rb2 36. Kg3 h5 37. Bh7 h4+ 38. Kg2 Kf4 39. Bg8 f5 40.
Bh7 fxe4 41. Bxe4 g4 42. h3 g3 43. Bd3 Rxf2+ 44. Kg1 Rxf3 45. Bc4 Rc3 46. Bb5 Kf3 0-1

[Event "Early-Titled-Tuesday-Blitz-February-13-2024"]
[Site "Chess.com"]
[Date "2024.02.13"]
[Round "11"]
[White "Atousa"]
[Black "only_strong_moves"]
[Result "0-1"]
[WhiteElo "2519"]
[BlackElo "2681"]
[TimeControl "180+1"]
[EndTime "10:09:43 PST"]
[Termination "only_strong_moves won by resignation"]

1. Nf3 Nf6 2. g3 d5 3. Bg2 e6 4. O-O Be7 5. d3 O-O 6. Nbd2 Nc6 7. e4 dxe4 8. dxe4 e5 9. c3 a5 10. Re1 Bc5 11. h3 Qe7 12. Nc4 Rd8 13. Qc2 Qe6 14.
Ne3 Bf8 15. Nd5 Ne8 16. Bg5 f6 17. Be3 Qf7 18. Bf1 Be6 19. Bc4 Nd6 20. Bf1 Nxe4 21.
c4 Nd6 22. Bd3 g6 23. Kh2 Bxd5 24. cxd5 Nb4 25. Qe2 Nxd3 26. Qxd3 e4 27. Qe2 exf3 28. Qxf3 Nc4 29. Bd4 Rxd5 30. Bxf6 Rf5 31. Qxb7 Re8 32.
Bd4 Nd2 33. Rxe8 Qxe8 34. Be3 Nf3+ 35. Kg2 Ne5 36. Rc1 Bd6 37. Qd5+ Nf7 38. Qd4 Qa8+ 39.
Kh2 Ne5 40. h4 Nf3+ 0-1

[Event "Early-Titled-Tuesday-Blitz-February-13-2024"]
[Site "Chess.com"]
[Date "2024.02.13"]
[Round "11"]
[White "GMBenjaminBok"]
[Black "Dyadya81"]
[Result "1-0"]
[WhiteElo "2975"]
[BlackElo "2819"]
[TimeControl "180+1"]
[EndTime "10:09:44 PST"]
[Termination "GMBenjaminBok won by resignation"]

1. d4 Nf6 2. c4 g6 3. g3 Bg7 4. Bg2 O-O 5. Nc3 d6 6. Nf3 c6 7.
e4 e5 8. O-O exd4 9. Nxd4 Re8 10. h3 Na6 11. Re1 Qb6 12. Nb3 Be6 13. Be3 Qc7 14. Qe2 b6 15. Rad1 Nc5 16. Nd4 a5 17. b3 Rad8 18. Nxc6 Qxc6 19. e5 Qc8 20. exf6 Bxf6 21.
Nd5 Bg7 22. Nxb6 Qa6 23. Nd5 Qc8 24. Qf3 a4 25. Nf6+ Kh8 26. Nxe8 Rxe8 27. Bd4 axb3 28. axb3 Qb8 29. Bxg7+ Kxg7 30. Qc3+ Kg8 31. b4 Na4 32.
Qd2 Bxc4 33. Rxe8+ Qxe8 34. Qxd6 Nc3 35. Qd8 Qxd8 36.
Rxd8+ Kg7 37. Bf1 Bd5 38. b5 Be4 39. b6 Na4 40. Rd4 Nc5 41. Rxe4 Nxe4 42. b7 1-0

[Event "Early-Titled-Tuesday-Blitz-February-13-2024"]
[Site "Chess.com"]
[Date "2024.02.13"]
[Round "11"]
[White "LaPiToB"]
[Black "marsofsilva"]
[Result "1-0"]
[WhiteElo "2311"]
[BlackElo "2131"]
[TimeControl "180+1"]
[EndTime "10:09:45 PST"]
[Termination "LaPiToB won by resignation"]

1. c4 e6 2. d4 d5 3. Nf3 c5 4. cxd5 exd5 5. dxc5 Bxc5 6. e3 Nf6 7. Nc3 O-O 8. Be2 Nc6 9. O-O h6 10. b3 Be6 11. Bb2 Ne4 12. Rc1 Bb6 13. Na4 Bc7 14.
Nc5 Nxc5 15. Rxc5 Bb6 16. Rc1 d4 17. exd4 Nxd4 18. Nxd4 Qf6 19. Nxe6 Qxe6 20. Bc4 Qg6 21. Qc2 Qg5 22. Kh1 Rad8 23. f4 Qg4 24. Rf3 Bd4 25. Rcf1 Rfe8 26. h3 Qh4 27. Bxd4 Rxd4 28. Qf2 Qf6 29. Qg3 Red8 30. Rd3 Rxd3 31. Bxd3 Kh8 32.
Re1 Qc3 33. Re3 Qa1+ 34. Kh2 Rc8 35. Qf3 Qxa2 36. Qe4 g6 37. Qd4+ Kh7 38. Bc4 Qf2 39. Qe5 b5 40. Bxf7 Rc2 41. Bd5 1-0

[Event "Early-Titled-Tuesday-Blitz-February-13-2024"]
[Site "Chess.com"]
[Date "2024.02.13"]
[Round "11"]
[White "DonkyDonkyDonkey"]
[Black "HansOnTwitch"]
[Result "0-1"]
[WhiteElo "2938"]
[BlackElo "3157"]
[TimeControl "180+1"]
[EndTime "10:09:46 PST"]
[Termination "HansOnTwitch won by resignation"]

1. e4 c5 2. Nf3 d6 3. Bb5+ Nd7 4.
d4 cxd4 5. Nxd4 Nf6 6. O-O a6 7.
Bd3 Nc5 8. Nc3 e6 9. Be3 Qc7 10. Nb3 b6 11. f4 Bb7 12. Nxc5 bxc5 13. f5 Rd8 14. fxe6 fxe6 15. Qe2 Qc8 16. Bg5 Be7 17.
Bc4 h6 18. Bxf6 Bxf6 19. Qg4 Kf7 20. Qh5+ Ke7 21. Rae1 Rdf8 22. Qg4 h5 23. Qh3 Rh6 24. Qd3 Be5 25. Rxf8 Qxf8 26. Rf1 Rf6 27. Rd1 Rf2 28. Bxa6 Bd4 29. Kh1 Bxa6 30. Qxa6 Qf4 31. Qd3 h4 32. a4 Be5 33. g3 hxg3 34. Qxg3 Rxh2+ 0-1

[Event "Early-Titled-Tuesday-Blitz-February-13-2024"]
[Site "Chess.com"]
[Date "2024.02.13"]
[Round "11"]
[White "viviania"]
[Black "jocmil"]
[Result "1-0"]
[WhiteElo "2897"]
[BlackElo "2754"]
[TimeControl "180+1"]
[EndTime "10:09:46 PST"]
[Termination "viviania won on time"]

1. d4 Nf6 2. c4 g6 3. Nc3 Bg7 4. e4 d6 5. f4 O-O 6. Nf3 e5 7.
fxe5 dxe5 8. d5 a5 9. Bd3 Na6 10. O-O Nh5 11. Bg5 f6 12. Be3 h6 13. c5 Nf4 14.
Bc4 Kh7 15. a3 Bg4 16. h3 Bh5 17. Rb1 f5 18. b4 axb4 19. axb4 Qc8 20. Kh2 Kh8 21.
Qc2 g5 22. exf5 g4 23. Nxe5 Nxg2 24. Kxg2 gxh3+ 25. Kh1 Bxe5 26. Qd3 Qd8 27. Bd4 Qf6 28. Ne4 Qg7 29. Rg1 Bxd4 30. Rxg7 Bxg7 31. f6 Bxf6 32.
Nxf6 Rxf6 33. Qd4 Bf3+ 34. Kh2 1-0